AoeStats
← Cbear

Northern Isles

510444152Analyzed
1v1 RM · 21h ago on Oct 1, 2026· 39m 21s· 2 players
Game mode
Random Map
Map size
Tiny (2 player)
Population
200
Speed
Normal
Resources
Standard
Victory
Conquest
Starting age
Dark Age
Ending age
Imperial Age
RankedLock teamsTeams togetherTeam positionsShared explorationLock speedFull tech treeHidden civsTurbo modeCheats
Victory
Defeat
🇦🇺 Spanish · Australia
538
+14
🇺🇸 Vikings · United States
492
-14
Cbear
6:25 Loom
13:08 Feudal Age
13:42 Horse Collar
15:24 Man-at-Arms
20:37 Fishing Lines
23:00 Castle Age
25:53 Double-Bit Axe
26:51 Gold Mining
32:03 Elite Skirmisher
41:09 Imperial Age
sixteenthgore
13:18 Feudal Age
14:27 Loom
17:22 Castle Age
16:25 Fletching
16:38 Padded Archer Armor
23:25 Bodkin Arrow
23:48 Leather Archer Armor
25:45 Double-Bit Axe
31:56 Imperial Age
30:41 Thumb Ring
37:47 Chemistry
Connection lost

Rejoining the realm…

Still unreachable

The connection could not be restored.

Session expired

The server has moved on; the page needs a fresh start.